[Event "Titled Tuesday Blitz August 3 2021"]
[White "Lee, Qing Aun"]
[Black "Plotnikov, Pavel"]
[WhiteFideId "5804167"]
[BlackFideId "4170342"]
[WhiteElo "2023"]
[BlackElo "2298"]
[Result "1-0"]
[Round "05"]
[TimeControl "180+1"]
[Date "2021.08.03"]
[WhiteClock "0:02:26"]
[BlackClock "0:02:03"]

1. d4 Nf6 2. Nc3 d5 3. Bf4 c5 4. e3 Nc6 5. Nb5 e5 6. dxe5 Ng4 7. e6 Bxe6 8. Nc7+ Ke7 9. Nxe6 fxe6 10. Qxg4 Kd7 11. O-O-O 1-0


[Site "https://www.chess.com"]

[Event "Titled Tuesday Blitz August 3 2021"]
[White "Leitao, Rafael"]
[Black "Farahat, Ali"]
[WhiteFideId "2101246"]
[BlackFideId "10600507"]
[WhiteElo "2609"]
[BlackElo "2321"]
[Result "0-1"]
[Round "05"]
[TimeControl "180+1"]
[Date "2021.08.03"]
[WhiteClock "0:00:06"]
[BlackClock "0:00:13"]

1. e4 e5 2. Nf3 Nc6 3. Bb5 a6 4. Ba4 Nf6 5. d3 b5 6. Bb3 Be7 7. a4 b4 8. O-O O-O 9. Re1 d6 10. h3 Na5 11. Ba2 b3 12. cxb3 Nc6 13. Bd2 Rb8 14. Na3 Nb4 15. Bxb4 Rxb4 16. Nc2 Rb8 17. b4 c5 18. bxc5 Rxb2 19. Bc4 Qa5 20. cxd6 Bxd6 21. d4 Nd7 22. Ne3 Qb4 23. Rc1 exd4 24. Nf5 Ne5 25. Nxe5 Bxe5 26. Qf3 Be6 27. Bd3 Rb3 28. Rcd1 g6 29. Nh6+ Kg7 30. Ng4 Bxg4 31. hxg4 Qxa4 32. Qe2 a5 33. g3 Qb4 34. f4 Bb8 35. e5 a4 36. f5 a3 37. f6+ Kh8 38. Qh2 Rxd3 39. Rb1 Qd2 40. Re2 Qg5 41. Qh3 Re3 42. Rh2 h5 43. Rf1 d3 44. Qg2 Ba7 45. Kh1 Re2 46. Qf3 Rxh2+ 47. Kxh2 Qxg4 48. Qb7 h4 49. Qxa7 Qxg3+ 50. Kh1 h3 51. Rg1 Qf3+ 52. Kh2 d2 53. Qc5 Rd8 54. e6 d1=Q 55. Rxd1 Qg2# 0-1


[Site "https://www.chess.com"]

[Event "Titled Tuesday Blitz August 3 2021"]
[White "Leve, Nitai"]
[Black "Ibrahimli, Murad"]
[WhiteFideId "2006898"]
[BlackFideId "13410229"]
[WhiteElo "2144"]
[BlackElo "2109"]
[Result "0-1"]
[Round "05"]
[TimeControl "180+1"]
[Date "2021.08.03"]
[WhiteClock "0:00:01"]
[BlackClock "0:01:29"]

1. e4 c5 2. Nf3 d6 3. d4 cxd4 4. Qxd4 Nf6 5. Bg5 a6 6. c4 Nc6 7. Qe3 Bg4 8. Be2 Bxf3 9. Bxf3 Ne5 10. Be2 Rc8 11. Nd2 e6 12. O-O Be7 13. Rfd1 O-O 14. Rac1 h6 15. Bf4 Qc7 16. c5 dxc5 17. Nc4 Nxc4 18. Rxc4 Qc6 19. Bxh6 b5 20. Bxg7 bxc4 21. Qg5 Nh7 22. Qg3 Bg5 23. Bf6 Qxe4 24. h4 Nxf6 25. Qxg5+ Qg6 0-1


[Site "https://www.chess.com"]

[Event "Titled Tuesday Blitz August 3 2021"]
[White "Levitskiy, Andrey"]
[Black "Zapata Arbelaez, Estiven"]
[WhiteFideId "14132885"]
[BlackFideId "4406311"]
[WhiteElo "2323"]
[BlackElo "2067"]
[Result "1-0"]
[Round "05"]
[TimeControl "180+1"]
[Date "2021.08.03"]
[WhiteClock "0:00:40"]
[BlackClock "0:00:05"]

1. e4 e5 2. Nf3 Nc6 3. Bc4 Bc5 4. c3 Qe7 5. d4 exd4 6. O-O d3 7. b4 Bb6 8. Qxd3 d6 9. Ng5 Ne5 10. Qe2 Nxc4 11. Qxc4 h6 12. Nf3 Nf6 13. Nbd2 O-O 14. a4 a5 15. Ba3 Ng4 16. b5 Be6 17. Qe2 Qf6 18. e5 Qf4 19. h3 Nxe5 20. Nxe5 Qxe5 21. Qxe5 dxe5 22. Bxf8 Kxf8 23. Nf3 f6 24. Rfd1 Ke8 25. Nd2 Rd8 26. Ne4 Rxd1+ 27. Rxd1 Bb3 28. Ra1 Bc2 29. Nd2 Bc5 30. Kf1 b6 31. Ke2 Ke7 32. f3 Bf5 33. Ne4 Bd6 34. Rd1 Be6 35. Kd3 Bb3 36. Ra1 Be6 37. c4 Bb4 38. Nc3 Kd6 39. Rd1 f5 40. g4 g6 41. Na2 Kc5 42. Rc1 Ba3 43. Rc2 e4+ 44. fxe4 fxe4+ 45. Kxe4 Bxc4 46. Nc1 Bxc1 47. Rxc1 Kb4 48. Kd4 Bb3 49. Rxc7 Bxa4 50. Rc6 Kxb5 51. Rxg6 Bd1 52. Rxh6 a4 53. Kc3 a3 54. Rh8 Ka4 55. Ra8+ Kb5 56. Rxa3 1-0


[Site "https://www.chess.com"]

[Event "Titled Tuesday Blitz August 3 2021"]
[White "Madaminov, Mukhiddin"]
[Black "Kalashian, David"]
[WhiteFideId "14210703"]
[BlackFideId "13302418"]
[WhiteElo "1747"]
[BlackElo "2490"]
[Result "1-0"]
[Round "05"]
[TimeControl "180+1"]
[Date "2021.08.03"]
[WhiteClock "0:01:17"]
[BlackClock "0:00:21"]

1. e4 c6 2. Nf3 g6 3. d4 Bg7 4. Bd3 d6 5. O-O Nf6 6. c3 O-O 7. Nbd2 Nbd7 8. Re1 e5 9. Nf1 Re8 10. dxe5 dxe5 11. Ng3 Nc5 12. Bc2 Qc7 13. Be3 Rd8 14. Qb1 Ne6 15. h3 b6 16. a4 a5 17. Rd1 Ba6 18. Qa2 Nf4 19. Bb3 Rxd1+ 20. Rxd1 Ne2+ 21. Nxe2 Bxe2 22. Rd2 Bxf3 23. gxf3 Nh5 24. Qb1 Qe7 25. Qd3 Nf4 26. Bxf4 exf4 27. Qd7 Qf6 28. Qb7 Rf8 29. Qxb6 Qg5+ 30. Kf1 Qh5 31. Ke2 Kh8 32. Rd8 Qxh3 33. Rxf8+ Bxf8 34. Qd8 Kg7 35. Qe8 Bd6 36. Qxf7+ Kh6 37. Qf6 Qd7 38. e5 Qe7 39. Qxd6 1-0


[Site "https://www.chess.com"]

[Event "Titled Tuesday Blitz August 3 2021"]
[White "Majer, Damir"]
[Black "Quispe Arteaga, Gabriel"]
[WhiteFideId "4615689"]
[BlackFideId "32059809"]
[WhiteElo "2366"]
[BlackElo "2172"]
[Result "0-1"]
[Round "05"]
[TimeControl "180+1"]
[Date "2021.08.03"]
[WhiteClock "0:00:07"]
[BlackClock "0:00:03"]

1. d4 Nf6 2. Nf3 e6 3. Bg5 d5 4. e3 h6 5. Bh4 Be7 6. Nbd2 Nbd7 7. Bd3 b6 8. Ne5 Bb7 9. Bb5 O-O 10. Nc6 Bxc6 11. Bxc6 Rb8 12. O-O b5 13. a4 b4 14. a5 e5 15. Ba4 c5 16. dxc5 Nxc5 17. Bg3 Nxa4 18. Rxa4 Nd7 19. Nb3 Rb5 20. Qe2 a6 21. Rd1 Qc8 22. Rd2 Rd8 23. Ra1 f6 24. Rad1 Nf8 25. h3 Ne6 26. Qg4 Ng5 27. Rxd5 Rbxd5 28. Rxd5 Qxc2 29. Rxd8+ Bxd8 30. Qd7 Nf7 31. Qe8+ Kh7 32. Qxf7 Qxb2 33. Qd5 Bc7 34. Qe4+ Kg8 35. Qc4+ Kh7 36. Qxc7 Qxb3 37. Qb6 Qd1+ 38. Kh2 b3 39. f4 Qc2 40. fxe5 b2 41. exf6 b1=Q 42. f7 Qf1 43. f8=Q Qcxg2# 0-1


[Site "https://www.chess.com"]

[Event "Titled Tuesday Blitz August 3 2021"]
[White "Makhnev, Denis"]
[Black "Labussiere, Victor"]
[WhiteFideId "13707647"]
[BlackFideId "2183129"]
[WhiteElo "2537"]
[BlackElo "1921"]
[Result "1-0"]
[Round "05"]
[TimeControl "180+1"]
[Date "2021.08.03"]
[WhiteClock "0:00:06"]
[BlackClock "0:00:03"]

1. d4 d5 2. c4 dxc4 3. Nf3 Nf6 4. e3 e6 5. Bxc4 c5 6. O-O a6 7. dxc5 Bxc5 8. Qxd8+ Kxd8 9. Nfd2 b6 10. Nb3 Bd6 11. f3 Nbd7 12. e4 Ke7 13. Be3 Bb7 14. Nc3 Rhc8 15. Be2 b5 16. Rfd1 Rc7 17. a3 Rac8 18. Bf1 Be5 19. Nd4 Nc5 20. Rab1 g6 21. g4 Nfd7 22. g5 Bg7 23. b4 Nb3 24. Ncxb5 Nxd4 25. Bxd4 Bxd4+ 26. Nxd4 Rc3 27. Rb3 Ne5 28. Be2 Rxb3 29. Nxb3 Rc3 30. Nc5 Bc8 31. f4 Nc4 32. Bxc4 Rxc4 33. Kf2 Rc3 34. Rd3 Rc2+ 35. Kg3 Ke8 36. h4 Ke7 37. e5 Rc1 38. Ne4 Bb7 39. Nf6 Bd5 40. Nxd5+ exd5 41. h5 Ke6 42. h6 Rc4 43. Kf3 Rc1 44. Ke3 Re1+ 45. Kf2 Rc1 46. a4 Rb1 47. Rd4 Ra1 48. a5 Rb1 49. Ke3 Rb3+ 50. Kd2 Rf3 51. Kc2 Re3 52. b5 axb5 53. Kb2 Re2+ 54. Kb3 Re1 55. Kb4 Rb1+ 56. Kc5 b4 57. Rxb4 Rc1+ 58. Kb6 Ra1 59. a6 1-0


[Site "https://www.chess.com"]

[Event "Titled Tuesday Blitz August 3 2021"]
[White "Maksimovic, Bojan"]
[Black "Swicarz, Maciej"]
[WhiteFideId "14408120"]
[BlackFideId "1113585"]
[WhiteElo "2439"]
[BlackElo "2199"]
[Result "1-0"]
[Round "05"]
[TimeControl "180+1"]
[Date "2021.08.03"]
[WhiteClock "0:00:09"]
[BlackClock "0:00:01"]

1. g3 f5 2. d3 Nf6 3. Bg2 d6 4. c4 g6 5. Nc3 Bg7 6. Nh3 O-O 7. O-O e5 8. f4 c6 9. Qd2 h6 10. b3 Be6 11. Bb2 Qd7 12. Rad1 Na6 13. Nf2 Rae8 14. e3 Qc7 15. Ne2 Nd7 16. d4 e4 17. g4 d5 18. gxf5 gxf5 19. Ba3 Rf6 20. Rc1 Qb6 21. Kh1 Rg6 22. Bh3 Kh7 23. Ng3 Rf6 24. Nh5 Rf7 25. Rg1 Rg8 26. Bd6 Bh8 27. Rxg8 Kxg8 28. c5 Qd8 29. Rg1+ Kh7 30. Nd1 Nf6 31. Nxf6+ Bxf6 32. a3 Rg7 33. b4 Nc7 34. Nc3 Ne8 35. Be5 Qe7 36. Qf2 a6 37. Ne2 Bh4 38. Qf1 Nf6 39. Rxg7+ Qxg7 40. Qg2 Qxg2+ 41. Kxg2 Kg6 42. Kf1 Nd7 43. Bd6 Nf6 44. Be5 Nd7 45. Ng1 Nxe5 46. dxe5 Bc8 47. Ne2 Be6 48. Nd4 Bc8 49. Ke2 Bd7 50. e6 Bc8 51. Bxf5+ Kf6 52. Bg4 Ke7 53. Nf5+ Kf6 54. Nd6 Bxe6 55. Bxe6 Kxe6 56. Nxb7 Kd7 57. Na5 Bd8 58. Nb3 Kc7 59. Nd4 Bf6 60. Nf5 h5 61. Ng3 h4 62. Nf5 Kb7 63. Nd4 Kc7 64. Kd2 Bxd4 65. exd4 Kd7 66. Ke3 Ke6 67. f5+ Kxf5 68. a4 Ke6 69. Kf4 Kd7 70. Kg4 1-0


[Site "https://www.chess.com"]

[Event "Titled Tuesday Blitz August 3 2021"]
[White "Martinez Alcantara, Jose Eduardo"]
[Black "Onyshchuk, Volodymyr"]
[WhiteFideId "3805662"]
[BlackFideId "14114038"]
[WhiteElo "2690"]
[BlackElo "2603"]
[Result "1-0"]
[Round "05"]
[TimeControl "180+1"]
[Date "2021.08.03"]
[WhiteClock "0:00:03"]
[BlackClock "0:00:06"]

1. e4 d6 2. d4 Nf6 3. Bd3 e5 4. c3 g6 5. Nf3 Nc6 6. O-O Bg7 7. dxe5 Nxe5 8. Nxe5 dxe5 9. Qe2 O-O 10. Nd2 Bg4 11. f3 Be6 12. Bc4 Qe7 13. Bxe6 Qxe6 14. Nc4 Rfd8 15. Bg5 h6 16. Bh4 Rd7 17. a4 Nh5 18. Ne3 Nf4 19. Qc2 Bf8 20. Ng4 Bg7 21. Rfd1 Rxd1+ 22. Rxd1 h5 23. Ne3 Bf8 24. Bf2 c6 25. b3 a6 26. a5 Be7 27. Nc4 Rd8 28. Be3 h4 29. Rxd8+ Bxd8 30. Qd2 Bc7 31. Bb6 Qe7 32. Bxc7 Qxc7 33. g3 hxg3 34. hxg3 Ne6 35. Kf2 f6 36. Ke2 Kf8 37. Qh6+ Kf7 38. Qh7+ Ng7 39. Qh8 Qd7 40. Qb8 Ne8 41. Qa7 Ke7 42. Qc5+ Kf7 43. b4 Ke6 44. f4 exf4 45. gxf4 Kf7 46. f5 g5 47. Qe3 Nd6 48. Qd4 Ke7 49. Qc5 Qc7 50. e5 fxe5 51. Qxe5+ Kd7 52. Qe6+ 1-0


[Site "https://www.chess.com"]

[Event "Titled Tuesday Blitz August 3 2021"]
[White "Matinian, Nikita"]
[Black "Jobava, Baadur"]
[WhiteFideId "24129100"]
[BlackFideId "13601520"]
[WhiteElo "2410"]
[BlackElo "2748"]
[Result "1-0"]
[Round "05"]
[TimeControl "180+1"]
[Date "2021.08.03"]
[WhiteClock "0:00:10"]
[BlackClock "0:00:29"]

1. e4 c6 2. Nc3 d5 3. Nf3 Bg4 4. h3 Bxf3 5. Qxf3 e6 6. g3 Nd7 7. d4 g6 8. Be3 h5 9. O-O-O Bh6 10. Kb1 Qe7 11. Bd3 O-O-O 12. e5 Bxe3 13. fxe3 Nh6 14. Rhf1 Rdf8 15. e4 Kb8 16. exd5 cxd5 17. Nb5 Nf5 18. c3 a6 19. Bxf5 gxf5 20. Nd6 f6 21. Rfe1 h4 22. gxh4 fxe5 23. dxe5 Qxh4 24. Rg1 Rh7 25. c4 Nxe5 26. Qe2 Nxc4 27. Qxe6 Re7 28. Qg6 Ne3 29. Rc1 f4 30. Nxb7 Qf6 31. Na5 Ref7 32. Nc6+ Kb7 33. Qd3 Qf5 34. Qxf5 Nxf5 35. Rg5 f3 36. Ne5 f2 37. Nxf7 Rxf7 38. Rxf5 Rxf5 39. Rf1 d4 40. Kc2 Rf3 41. Kd2 d3 42. h4 Kc6 43. h5 Kd5 44. h6 Ke4 45. h7 Rh3 46. Rxf2 Rxh7 47. Rg2 Rh4 48. Rf2 Kd4 49. Rg2 a5 50. Rf2 a4 51. Rg2 Rf4 52. Rh2 Rg4 53. Rf2 Ke4 54. Rh2 Kd4 55. Rf2 Rh4 56. Rg2 Ke4 57. Rf2 Rh1 58. Rg2 Rb1 59. Rg4+ Kf3 60. Rxa4 Rxb2+ 61. Kxd3 Rh2 62. Ra8 Kf4 63. Kd4 Rd2+ 64. Kc3 Rh2 65. Kd4 Rd2+ 66. Kc5 Ke5 67. Re8+ Kf6 68. a4 Kf7 69. Re3 Ra2 70. Kb5 Rc2 71. a5 Rb2+ 72. Kc6 Ra2 73. Kb6 Rb2+ 74. Ka7 Kf8 75. a6 Kf7 76. Ka8 Rb1 77. a7 Rb2 78. Rc3 Ke7 79. Rc8 Kd7 80. Rb8 Ra2 81. Kb7 Rb2+ 82. Ka6 Ra2+ 83. Kb6 Rc2 84. a8=Q 1-0


[Site "https://www.chess.com"]

[Event "Titled Tuesday Blitz August 3 2021"]
[White "Mikhailovsky, Vladimir"]
[Black "Omk124"]
[WhiteFideId "34105414"]
[WhiteElo "2315"]
[BlackElo "2534"]
[Result "1-0"]
[Round "05"]
[TimeControl "180+1"]
[Date "2021.08.03"]
[WhiteClock "0:00:24"]
[BlackClock "0:00:05"]

1. e4 g6 2. d4 Bg7 3. Nc3 c6 4. f4 d5 5. e5 Nh6 6. Be3 f6 7. h3 fxe5 8. fxe5 Nf5 9. Bf2 Bh6 10. Qd3 O-O 11. g4 Ng7 12. Be3 e6 13. h4 Bxe3 14. Qxe3 c5 15. Nge2 Nc6 16. O-O-O cxd4 17. Nxd4 Nxd4 18. Rxd4 Bd7 19. Bd3 Be8 20. h5 Qb6 21. h6 Rc8 22. hxg7 Rf7 23. Bxg6 Rxg7 24. Bxe8 Rxe8 25. Rf1 Qc6 26. Rdf4 b5 27. Qf2 b4 28. Rf8+ 1-0


[Site "https://www.chess.com"]

[Event "Titled Tuesday Blitz August 3 2021"]
[White "Mohammad Nubairshah Shaikh"]
[Black "Vokhidov, Shamsiddin"]
[WhiteFideId "5053196"]
[BlackFideId "14204223"]
[WhiteElo "2382"]
[BlackElo "2572"]
[Result "1-0"]
[Round "05"]
[TimeControl "180+1"]
[Date "2021.08.03"]
[WhiteClock "0:00:30"]
[BlackClock "0:00:04"]

1. c4 e5 2. g3 Nf6 3. Bg2 Nc6 4. Nc3 Bb4 5. Nd5 Bc5 6. e3 d6 7. Ne2 a6 8. d4 Ba7 9. O-O O-O 10. b3 exd4 11. Nxf6+ Qxf6 12. Bb2 Ne5 13. Nxd4 Bg4 14. f3 Bd7 15. Qd2 Qh6 16. Rae1 Rae8 17. f4 Ng4 18. Bxb7 Bc5 19. Re2 Nf6 20. Bg2 Ne4 21. Qc2 f5 22. Rd1 Re7 23. a3 Rfe8 24. b4 Ba7 25. c5 dxc5 26. bxc5 Qg6 27. c6 Bc8 28. Nf3 Re6 29. Ne5 Qh5 30. Bd4 Bxd4 31. Rxd4 Nf6 32. Bf3 Ng4 33. Qb3 Kh8 34. Red2 h6 35. Rd8 Kh7 36. Bxg4 fxg4 37. Qc2+ Kg8 38. Qc4 Kh7 39. Qe4+ Kg8 40. Qd5 Rxd8 41. Qxd8+ Re8 42. Qxc7 Qf5 43. Qb6 Qe4 44. c7 Bb7 45. Qb3+ Kh8 46. Nf7+ Kh7 47. Qc2 Qxc2 48. Rxc2 Rxe3 49. Nd6 1-0


[Site "https://www.chess.com"]

[Event "Titled Tuesday Blitz August 3 2021"]
[White "Molina, Roberto Junio Brito"]
[Black "Hryshchenko, Kamila"]
[WhiteFideId "2109450"]
[BlackFideId "14147491"]
[WhiteElo "2402"]
[BlackElo "1966"]
[Result "1-0"]
[Round "05"]
[TimeControl "180+1"]
[Date "2021.08.03"]
[WhiteClock "0:00:54"]
[BlackClock "0:01:30"]

1. d4 d5 2. c4 g6 3. cxd5 Qxd5 4. Nc3 Qd8 5. e4 Bg7 6. Be3 c6 7. Qd2 Nd7 8. h4 h5 9. Nh3 Nb6 10. Ng5 Nf6 11. f3 O-O 12. O-O-O a5 13. Kb1 a4 14. Be2 a3 15. b3 Nbd7 16. e5 Nd5 17. Nxd5 cxd5 18. f4 Qb6 19. g4 f6 20. gxh5 fxg5 21. hxg5 Rd8 22. Bd3 Nf8 23. hxg6 e6 24. Rh2 Bd7 25. Rdh1 Be8 26. Rh6 Ba4 27. Qh2 Nxg6 28. Rxg6 Kf7 29. Rxg7+ Kxg7 30. Qh7+ 1-0


[Site "https://www.chess.com"]

[Event "Titled Tuesday Blitz August 3 2021"]
[White "Moon_stone123"]
[Black "Nazaretyan, Tigran"]
[BlackFideId "24162345"]
[WhiteElo "2416"]
[BlackElo "2214"]
[Result "0-1"]
[Round "05"]
[TimeControl "180+1"]
[Date "2021.08.03"]
[WhiteClock "0:00:02"]
[BlackClock "0:00:32"]

1. Nf3 Nf6 2. g3 c5 3. Bg2 Nc6 4. c4 e5 5. Nc3 g6 6. O-O Bg7 7. d3 O-O 8. Bg5 d6 9. Ne1 h6 10. Bxf6 Bxf6 11. Nd5 Bg7 12. Rb1 Rb8 13. b4 b6 14. Nc2 Kh7 15. a4 a5 16. bxc5 bxc5 17. Rxb8 Nxb8 18. Qb1 Bd7 19. Qb3 Na6 20. Na3 Nb4 21. Nb5 Be6 22. Nbc3 f5 23. Nxb4 axb4 24. Nd5 Qa5 25. f4 Bd7 26. e4 Qxa4 27. Qb1 b3 28. Nb6 Qa7 29. Nxd7 Qxd7 30. Qxb3 exf4 31. gxf4 fxe4 32. Bxe4 Qg4+ 33. Kh1 Rxf4 34. Rg1 Rxe4 35. Rxg4 Rxg4 36. Qb8 Rd4 37. Qb3 h5 38. Qc2 Be5 39. Qe2 Rh4 40. Qf3 Rxh2+ 41. Kg1 Kg7 42. Qb7+ Kh6 43. Qf3 Rh4 44. Qf8+ Kg5 45. Qe7+ Kg4 46. Qf7 g5 47. Qe6+ Kf4 48. Qd5 Ke3 49. Kg2 Rg4+ 50. Kf1 h4 51. Qe6 Rf4+ 52. Kg2 g4 53. Qd5 h3+ 54. Kh1 Rf1# 0-1


[Site "https://www.chess.com"]

[Event "Titled Tuesday Blitz August 3 2021"]
[White "Navalgund, Niranjan"]
[Black "Stribuk, Artiom"]
[WhiteFideId "5030854"]
[BlackFideId "13515659"]
[WhiteElo "2290"]
[BlackElo "2224"]
[Result "0-1"]
[Round "05"]
[TimeControl "180+1"]
[Date "2021.08.03"]
[WhiteClock "0:00:10"]
[BlackClock "0:00:33"]

1. e4 c5 2. b4 cxb4 3. a3 d5 4. exd5 Qxd5 5. Nf3 e5 6. c4 Qe6 7. Bd3 e4 8. O-O Qf6 9. Re1 Qxa1 10. Bxe4 Be7 11. d4 Nf6 12. Bd3 Nc6 13. d5 Nd4 14. d6 Be6 15. dxe7 Kxe7 16. Qa4 a5 17. Ng5 Rhd8 18. Nd2 h6 19. Nxe6 Nxe6 20. Qb5 Kf8 21. Bf5 Nd4 22. Qc5+ Kg8 23. Bb1 b3 24. Qb6 Re8 25. Ne4 Nxe4 26. Bxe4 Rxe4 27. Rf1 Ne2+ 28. Kh1 Nxc1 29. Qxb7 Rae8 30. h3 b2 31. f3 Re1 32. Rxe1 Rxe1+ 33. Kh2 b1=Q 34. Qc8+ Kh7 35. Qf5+ Qxf5 0-1


[Site "https://www.chess.com"]

[Event "Titled Tuesday Blitz August 3 2021"]
[White "Nguyen Hong Nhung"]
[Black "Zhurbinsky, David"]
[WhiteFideId "12412201"]
[BlackFideId "2072904"]
[WhiteElo "1661"]
[BlackElo "2559"]
[Result "0-1"]
[Round "05"]
[TimeControl "180+1"]
[Date "2021.08.03"]
[WhiteClock "0:00:05"]
[BlackClock "0:00:33"]

1. e4 e5 2. Nf3 Nc6 3. d4 exd4 4. Nxd4 Bc5 5. Be3 Qf6 6. c3 Nge7 7. Bc4 O-O 8. O-O Ne5 9. Bb3 d5 10. exd5 Ng4 11. Qd3 Qe5 12. Nf3 Qd6 13. Bxc5 Qxc5 14. h3 Nf6 15. c4 Bf5 16. Qd4 Qd6 17. Nbd2 Ng6 18. Rfe1 Rfe8 19. c5 Qf4 20. Rad1 Qh6 21. d6 cxd6 22. cxd6 Nf4 23. Rxe8+ Rxe8 24. Qc4 Be6 25. Qb5 Bxh3 26. gxh3 Qxh3 27. Bxf7+ Kf8 28. Ne1 Rxe1+ 29. Rxe1 Qg2# 0-1


[Site "https://www.chess.com"]

[Event "Titled Tuesday Blitz August 3 2021"]
[White "Noritsyn, Nikolay"]
[Black "Skatchkov, Pavel"]
[WhiteFideId "2604922"]
[BlackFideId "4121848"]
[WhiteElo "2527"]
[BlackElo "2476"]
[Result "0-1"]
[Round "05"]
[TimeControl "180+1"]
[Date "2021.08.03"]
[WhiteClock "0:00:16"]
[BlackClock "0:00:17"]

1. e4 c5 2. Nf3 Nc6 3. Bb5 g6 4. O-O Bg7 5. Re1 e5 6. Bc4 Nge7 7. d3 O-O 8. c3 d5 9. exd5 Nxd5 10. Nbd2 Be6 11. Ne4 b6 12. Neg5 Bc8 13. Qe2 h6 14. Ne4 Be6 15. Bb5 Qc7 16. Ng3 Nf4 17. Bxf4 exf4 18. Ne4 Rad8 19. Qc2 Na5 20. Ned2 Bd5 21. Qa4 Nb7 22. Bc4 Bc6 23. Bb5 Bd5 24. h3 a6 25. Bxa6 Ra8 26. Bxb7 Rxa4 27. Bxd5 Qd7 28. Bb3 Raa8 29. Rad1 b5 30. Ne4 Qc7 31. a3 Rad8 32. Bc2 g5 33. a4 b4 34. Bb3 bxc3 35. bxc3 Kh7 36. Bc4 f5 37. Ned2 Bxc3 38. Re6 Rd6 39. Rxd6 Qxd6 40. Bb5 g4 41. hxg4 fxg4 42. Ne4 Qe7 43. Nh2 g3 44. Nf3 gxf2+ 45. Kxf2 Bd4+ 46. Kf1 Qf7 47. Bc4 Qh5 48. a5 Qh1+ 0-1


[Site "https://www.chess.com"]

[Event "Titled Tuesday Blitz August 3 2021"]
[White "Obolentseva, Alexandra"]
[Black "Fayzullaev, Akmal"]
[WhiteFideId "24153648"]
[BlackFideId "14200554"]
[WhiteElo "2113"]
[BlackElo "2264"]
[Result "0-1"]
[Round "05"]
[TimeControl "180+1"]
[Date "2021.08.03"]
[WhiteClock "0:01:16"]
[BlackClock "0:01:50"]

1. d4 Nf6 2. c4 c5 3. d5 g6 4. Nc3 Bg7 5. e4 d6 6. Nge2 O-O 7. Ng3 e6 8. Be2 exd5 9. cxd5 Re8 10. O-O a6 11. a4 h5 12. Bg5 Qc7 13. f4 Nh7 14. Bh4 Bd4+ 15. Kh1 Nd7 16. Bf3 Ndf6 17. Qd2 Ng4 18. Rae1 Bd7 19. e5 dxe5 20. f5 e4 21. Ncxe4 Bxf5 22. Nxf5 Qxh2# 0-1


[Site "https://www.chess.com"]

[Event "Titled Tuesday Blitz August 3 2021"]
[White "Odegov, Artem"]
[Black "Kavyev, Ruslan"]
[WhiteFideId "34183644"]
[BlackFideId "34110981"]
[WhiteElo "2288"]
[BlackElo "2172"]
[Result "1-0"]
[Round "05"]
[TimeControl "180+1"]
[Date "2021.08.03"]
[WhiteClock "0:01:47"]
[BlackClock "0:02:01"]

1. d4 Nf6 2. c4 g6 3. Nc3 d5 4. cxd5 Nxd5 5. e4 Nxc3 6. bxc3 Bg7 7. Bc4 c5 8. Ne2 Nc6 9. Be3 O-O 10. O-O Bg4 11. f3 Bd7 12. Qd2 Qa5 13. Rfd1 Rfd8 14. Rab1 Rac8 15. Rxb7 cxd4 16. cxd4 Qxd2 17. Rxd2 Na5 18. Rxd7 Rxd7 19. Bb5 Rdc7 20. Ba6 Rb8 21. Bf4 Rb1+ 22. Kf2 Rc6 23. Bd3 e6 24. Bxb1 Rb6 25. Bd3 Bf8 26. Bc7 Bb4 27. Bxb6 Bxd2 28. Bxa5 Bxa5 29. e5 Kf8 30. Ke3 Ke8 31. Ng3 Kd7 32. Ne4 Bb6 33. Nf6+ Kc6 34. Nxh7 Kd5 35. Ng5 f5 36. exf6 Bxd4+ 37. Ke2 Bxf6 38. Nh7 Bg7 39. Bxg6 Kd4 40. Ng5 Ke5 41. Bb1 Bh6 42. Nf7+ 1-0


[Site "https://www.chess.com"]

[Event "Titled Tuesday Blitz August 3 2021"]
[White "Ohanyan, Emin"]
[Black "Salinas Herrera, Pablo"]
[WhiteFideId "13312022"]
[BlackFideId "3407128"]
[WhiteElo "1648"]
[BlackElo "2541"]
[Result "0-1"]
[Round "05"]
[TimeControl "180+1"]
[Date "2021.08.03"]
[WhiteClock "0:00:01"]
[BlackClock "0:00:41"]

1. e4 e5 2. Nc3 Nf6 3. Bc4 Bc5 4. d3 c6 5. Nf3 d6 6. h3 a5 7. a3 h6 8. O-O O-O 9. Ba2 Be6 10. Qe2 Nbd7 11. Be3 Bxe3 12. Qxe3 Re8 13. Nd2 d5 14. Ne2 d4 15. Qg3 Nh5 16. Qf3 Qg5 17. Nc4 b5 18. Nd6 Rf8 19. Nf5 g6 20. Nfg3 Ng7 21. Rfd1 h5 22. Nf1 h4 23. Kh1 Nh5 24. Ng1 Kg7 25. c3 Rad8 26. Bb1 c5 27. Bc2 f5 28. Kh2 fxe4 29. Qxe4 Ndf6 30. Qb7+ Rf7 31. Nf3 Qf4+ 32. g3 hxg3+ 33. fxg3 Qf5 34. Qc6 Bd5 0-1


[Site "https://www.chess.com"]

[Event "Titled Tuesday Blitz August 3 2021"]
[White "Ozen, Bahadir"]
[Black "Melikhov, Evgeny V."]
[WhiteFideId "6337058"]
[BlackFideId "4122046"]
[WhiteElo "2503"]
[BlackElo "1965"]
[Result "1/2-1/2"]
[Round "05"]
[TimeControl "180+1"]
[Date "2021.08.03"]
[WhiteClock "0:01:05"]
[BlackClock "0:01:14"]

1. c4 e6 2. g3 d5 3. Bg2 c5 4. cxd5 exd5 5. Nf3 Nc6 6. O-O Nf6 7. d4 Be7 8. dxc5 Bxc5 9. Bg5 O-O 10. Bxf6 Qxf6 11. Nc3 Be6 12. Nxd5 Qxb2 13. Nc7 Rad8 14. Qc1 Qxc1 15. Rfxc1 Bb6 16. Nxe6 fxe6 17. e3 Nb4 18. Ne5 Nd3 19. Nxd3 Rxd3 20. Rc2 Rd7 21. Be4 g6 22. a4 Rfd8 23. a5 Rd1+ 24. Rxd1 Rxd1+ 25. Kg2 Bxa5 26. Bxb7 Be1 27. Ra2 Rd2 28. Rxd2 1/2-1/2


[Site "https://www.chess.com"]

[Event "Titled Tuesday Blitz August 3 2021"]
[White "Pacheco Lugo, Alejandro Jose"]
[Black "Batsuren, Dambasuren"]
[WhiteFideId "3903745"]
[BlackFideId "4902920"]
[WhiteElo "2125"]
[BlackElo "2371"]
[Result "0-1"]
[Round "05"]
[TimeControl "180+1"]
[Date "2021.08.03"]
[WhiteClock "0:00:03"]
[BlackClock "0:01:08"]

1. e4 c6 2. d4 d5 3. e5 Bf5 4. Nf3 e6 5. Be2 Ne7 6. O-O h6 7. Nbd2 Nd7 8. Nb3 Qc7 9. Bd2 g5 10. a4 Bg7 11. a5 f6 12. exf6 Bxf6 13. c4 O-O-O 14. a6 b6 15. c5 Kb8 16. cxb6 axb6 17. a7+ Ka8 18. Bb4 g4 19. Ne1 h5 20. Bd3 Bxd3 21. Nxd3 Nf5 22. Bc3 g3 23. hxg3 h4 24. g4 h3 25. gxf5 Rdg8 26. g4 exf5 27. f3 Qg3+ 0-1


[Site "https://www.chess.com"]

[Event "Titled Tuesday Blitz August 3 2021"]
[White "Palchuk, Andrii"]
[Black "Khoroshev, Nikita"]
[WhiteFideId "14176688"]
[BlackFideId "14200287"]
[WhiteElo "2284"]
[BlackElo "2328"]
[Result "0-1"]
[Round "05"]
[TimeControl "180+1"]
[Date "2021.08.03"]
[WhiteClock "0:00:05"]
[BlackClock "0:00:22"]

1. e4 e5 2. Nf3 Nc6 3. d4 exd4 4. Nxd4 Nf6 5. Nc3 Bb4 6. Nxc6 bxc6 7. Bd3 d5 8. exd5 O-O 9. O-O cxd5 10. h3 c6 11. Qf3 Bd6 12. Ne2 Re8 13. Bg5 Be5 14. c3 h6 15. Bh4 Qd6 16. Bg3 Bd7 17. Rfd1 Rab8 18. Rab1 Qc5 19. Nd4 Qd6 20. Bf5 Bxg3 21. fxg3 Bxf5 22. Nxf5 Qc5+ 23. Kh2 Re6 24. Re1 Ne4 25. Qf4 Rf8 26. Re3 Rf6 27. Rf3 Kh8 28. Qh4 Nd2 29. Rbf1 Nxf1+ 30. Rxf1 Qc4 31. Rf4 g5 32. Rxc4 gxh4 33. Rxh4 Rxf5 34. Rxh6+ Kg7 35. Rxc6 Rf2 36. Rc7 Rxb2 37. Rxa7 Rc8 38. Rd7 Rxc3 39. Rxd5 Rcc2 40. g4 Rxg2+ 41. Kh1 Rgc2 42. Rd1 Rxa2 43. Rf1 Rh2+ 44. Kg1 Rag2# 0-1


[Site "https://www.chess.com"]